 Dungeon Crawl Stone Soup version 0.29-a0-72-g1732ff48e7 (webtiles) character file.

Game seed: 11673565065902764129

241 siradein the Skirmisher (level 6, -13/53 HPs)
             Began as a Ghoul Fighter on Feb 4, 2022.
             Killed by divine providence
             ... invoked by an orc priest
              (15 damage)
             ... on level 3 of the Dungeon.
             The game lasted 00:05:10 (3392 turns).

siradein the Skirmisher (Ghoul Fighter)             Turns: 3392, Time: 00:05:11

Health: -13/53     AC:  7    Str: 20    XL:     6   Next: 8%
Magic:  5/5        EV:  9    Int:  3    God:
Gold:   102        SH:  4    Dex: 10    Spells: 5/5 levels left

rFire   . . .      SeeInvis .   a - +0 flail
rCold   + . .      Faith    .   c - +0 buckler
rNeg    + + +      Spirit   .   b - +0 scale mail
rPois   ∞          Reflect  .   (no helmet)
rElec   .          Harm     .   (no cloak)
rCorr   .          Rampage  .   (no gloves)
Will    .....                   (no boots)
Stlth   ..........              (no amulet)
HPRegen 0.00/turn               (no ring)
MPRegen 0.09/turn               (no ring)

@: inhibited regen
A: claws 1, cold resistance 1, negative energy resistance 3, inhibited
regeneration, torment resistance 2
a: no special abilities


You were on level 3 of the Dungeon.
You visited 1 branch of the dungeon, and saw 3 of its levels.

You collected 102 gold pieces.

Inventory:

Hand Weapons
 a - a +0 flail (weapon)
Armour
 b - a +0 scale mail (worn)
 c - a +0 buckler (worn)
Wands
 o - a wand of iceblast (7)
Scrolls
 f - a scroll of vulnerability {unknown}
 j - a scroll of identify {unknown}
 k - 3 scrolls of fear {unknown}
 l - a scroll of teleportation {unknown}
 m - a scroll of immolation {unknown}
Potions
 d - a potion of might
 e - 3 potions of curing {unknown}
 g - a potion of mutation {unknown}
 h - a potion of flight {unknown}
 i - a potion of degeneration {unknown}
 n - a potion of resistance {unknown}


   Skills:
 + Level 4.5 Fighting
 + Level 3.1 Maces & Flails
 + Level 3.7 Armour
 + Level 3.7 Shields


You had 5 spell levels left.
You didn't know any spells.
Your spell library was empty.

Dungeon Overview and Level Annotations

Branches:
Dungeon (3/15)

Altars:

Shops:
D:1 (   D:2 !


Innate Abilities, Weirdness & Mutations

You thrive by killing the living.
You are immune to poison.
You have sharp fingernails.
Your flesh is cold resistant. (rC+)
You are immune to negative energy. (rN+++)
You do not regenerate when monsters are visible.
You are immune to unholy pain and torment.


Message History

The orc priest calls upon Beogh to heal the orc priest.
The orc priest is healed somewhat.
You barely miss the orc priest.
The orc priest is heavily wounded.
You block the orc priest's attack.
The orc priest calls upon Beogh to heal the orc priest.
The orc priest is healed somewhat.
You sock the orc priest!
The orc priest is almost dead.
The orc priest invokes the aid of Beogh against you.
Beogh smites you!
The orc priest hits you but does no damage.
You are too injured to fight recklessly!
You are too injured to fight recklessly!
You are too injured to fight recklessly!
You barely miss the orc priest.
The orc priest is almost dead.
The orc priest hits you but does no damage.
The orc priest calls down the wrath of Beogh upon you.
Beogh smites you!
* * * LOW HITPOINT WARNING * * *
You hit the orc priest but do no damage.
The orc priest is almost dead.
The orc priest looks encouraged for a moment.
You thump the orc priest!
You kill the orc priest!
You have reached level 6!
You barely miss the orc priest. The orc priest barely misses you.
The orc priest closely misses you.
You closely miss the orc priest.
The orc priest hits you but does no damage.
You hit the orc priest.
The orc priest is lightly wounded.
The orc priest hits you with a +0 hand axe.
* * * LOW HITPOINT WARNING * * *
You hit the orc priest.
The orc priest is heavily wounded.
The orc priest calls down the wrath of Beogh upon you.
Beogh smites you!
You die...

###### #....# #.##.##
###.....#
#...##..###########
#..................
#.......##...######
##.....##.....#
#@#######...## #o#
### ##.## .o. ..# #.#
##.###.# #.# #. #.#
#.# ##+## #. ..#
#.###...## #.####
#.##.....## ## #.#.##
#.#.......###.
#....###..........##.


You could see an orc priest and an orc.

Vanquished Creatures
  An orc priest (D:3)
  Jessica (D:2)
  A gnoll shaman (D:2)
  Natasha (D:3)
  3 adders (D:2)
  4 gnolls (D:2)
  5 dart slugs
  An orc (D:3)
  8 ball pythons
  6 endoplasms
  3 giant cockroaches
  6 hobgoblins
  4 jackals (D:2)
  4 kobolds
  A quokka (D:2)
  5 bats
  2 frilled lizards
  4 goblins
  3 rats
63 creatures vanquished.

Notes
Turn   | Place    | Note
-------+----------+-------------------------------------------
     0 | D:1      | siradein the Ghoul Fighter began the quest for the Orb.
     0 | D:1      | Reached XP level 1. HP: 19/19 MP: 0/0
   312 | D:1      | Reached XP level 2. HP: 23/26 MP: 1/1
   838 | D:1      | Found Gozoxoet's Weapon Shop.
   911 | D:1      | Reached XP level 3. HP: 31/31 MP: 2/2
  1589 | D:2      | Found Atuijy's Distillery.
  1728 | D:2      | Reached XP level 4. HP: 39/40 MP: 3/3
  1750 | D:2      | Reached skill level 4 in Fighting
  2016 | D:2      | Reached XP level 5. HP: 18/46 MP: 4/4
  2547 | D:2      | Noticed Jessica
  2561 | D:2      | Killed Jessica
  3056 | D:3      | Identified the +8 quarterstaff of the Silent Majority
                  | {freeze, *Corrode rF++ Str+5}
  3240 | D:3      | Noticed Natasha
  3250 | D:3      | Killed Natasha
  3389 | D:3      | Reached XP level 6. HP: 5/53 MP: 5/5
  3391 | D:3      | HP: 2/53 [orc priest (3)]
  3392 | D:3      | Killed from afar by an orc priest

Illustrated notes

Levels and vault maps discovered:
D:1:      dpeg_arrival_central, layout_basic, serial_shops, shop
D:2:      layout_loops_ring, serial_shops, nicolae_shop_trees, serial_glass,
          glass_columns_b, glass_columns_b, minmay_domino_4, uniq_jessica
D:3:      layout_loops_corners, ebering_ecumenical_altar_rust, uniq_natasha,
          uniq_robin

Skill      XL: |  1  2  3  4  5 |
---------------+----------------+-----
Maces & Flails | 2 3 |  3.1
Armour         | 3 |  3.7
Shields        | 3 |  3.7
Fighting       | 4 |  4.5

Action                   |  1- 3 |  4- 6 || total
-------------------------+-------+-------++-------
Melee: Flail             |   112 |   139 ||   251
Armor: Scale mail        |    59 |    56 ||   115
Dodge: Dodged            |    56 |    71 ||   127
Block: Buckler           |    21 |    23 ||    44

Table legend: (Time is in decaauts)
 A = Elapsed time spent in this place.
 B = Non-inter-level travel time spent in this place.
 C = Inter-level travel time spent in this place.
 D = Time resting spent in this place.
 E = Time spent auto-exploring this place.
 F = Levels seen in this place.
 G = Mean time per level.
                   A        B        C        D        E       F      G
               +--------+--------+--------+--------+--------+-----+--------+
         Total |   3476 |   3411 |     65 |    235 |   2558 |   3 | 1158.7 |
       Dungeon |   3476 |   3411 |     65 |    235 |   2558 |   3 | 1158.7 |
               +--------+--------+--------+--------+--------+-----+--------+

Top non-repeatable levels by time:
     D:2: 1593 daAuts
     D:1: 1338 daAuts
     D:3: 544 daAuts
